 Dungeon Crawl Stone Soup version 0.22.1-1-ga44c0e5 (webtiles) character file.

82225 delarado the Eclecticist (level 15, -10/82 HPs)
             Began as a Deep Elf Fire Elementalist on Oct 30, 2018.
             Was a High Priest of Vehumet.
             Hit by a poisoned javelin thrown by a merfolk javelineer (28 damage)
             ... on level 1 of the Shoals on Nov 5, 2018.
             The game lasted 04:04:52 (36766 turns).

delarado the Eclecticist (DEFE)                    Turns: 36766, Time: 04:04:52

Health: -10/82     AC:  7    Str:  5    XL:     15   Next: 28%
Magic:  14/38      EV: 23    Int: 27    God:    Vehumet [*****.]
Gold:   1531       SH:  9    Dex: 19    Spells: 25/49 levels left

rFire    + . .     SeeInvis +   y - +1 whip of Vafit {drain, MR+ Dex+4 SInv}
rCold    + . .     Gourm    .   n - +3 buckler {rPois}
rNeg     . . .     Faith    .   X - +0 robe {MR+}
rPois    +         Spirit   .   m - +0 helmet
rElec    .         Reflect  .   R - +1 cloak of a bazaar {rC++}
rCorr    .         Harm     .   C - +0 pair of gloves
MR       +++..                  P - +0 pair of boots
Stlth    ++........             h - amulet of magic regeneration
HPRegen  0.23/turn              s - +3 ring of evasion
MPRegen  0.51/turn              L - ring of fire

@: lethally poisoned (-10 -> -11), swift, very slightly contaminated, very slow
A: no striking features
a: Renounce Religion


You were on level 1 of the Shoals.
You worshipped Vehumet.
Vehumet was extremely pleased with you.
You were not hungry.

You visited 4 branches of the dungeon, and saw 22 of its levels.
You also visited: Ossuary and Bailey.

You collected 1676 gold pieces.
You spent 145 gold pieces at shops.

Inventory:

Hand Weapons
 y - the +1 whip of Vafit (weapon) {drain, MR+ Dex+4 SInv}
   (You found it on level 8 of the Dungeon)

   A truly terrible weapon, it drains the life of those it strikes.
   It affects your dexterity (+4).
   It affects your resistance to hostile enchantments.
   It lets you see invisible.
Armour
 m - a +0 helmet (worn)
 n - a +3 buckler of poison resistance (worn)
 C - a +0 pair of gloves (worn)
 P - a +0 pair of boots (worn)
 R - the +1 cloak of a bazaar (worn) {rC++}
   (You found it in a bailey)

   It greatly protects you from cold.
 X - a +0 robe of magic resistance (worn)
Magical Staves
 i - an uncursed staff of wizardry
 u - an uncursed staff of energy
Jewellery
 h - an amulet of magic regeneration (around neck)
 s - a +3 ring of evasion (left hand)
 A - an uncursed amulet of regeneration
 L - a ring of fire (right hand)
 T - a +5 ring of strength
Wands
 a - a wand of polymorph (7)
 g - a wand of scattershot (15)
 x - a wand of paralysis (9)
 z - a wand of enslavement (8)
 G - a wand of disintegration (22)
 U - a wand of acid (9)
 Y - a wand of flame (58)
 Z - a wand of digging (10)
Scrolls
 b - 5 scrolls of enchant weapon
 e - 9 scrolls of remove curse
 f - 5 scrolls of blinking
 o - 2 scrolls of teleportation
 D - 4 scrolls of immolation
 F - 4 scrolls of fear
 H - a scroll of summoning
 Q - a scroll of vulnerability
 V - a scroll of magic mapping
Potions
 d - 10 potions of curing
 j - 2 potions of resistance
 l - 2 potions of lignification {unknown}
 p - 3 potions of flight
 q - 3 potions of brilliance
 r - 7 potions of agility
 w - 2 potions of ambrosia {unknown}
 B - 4 potions of haste
 J - 2 potions of might
 K - 2 potions of cancellation
 O - a potion of berserk rage
Miscellaneous
 v - a crystal ball of energy
Comestibles
 c - 21 rations


   Skills:
 - Level 5.0 Fighting
 - Level 10.0 Dodging
 - Level 9.0 Stealth
 - Level 4.0 Shields
 - Level 17.7 Spellcasting
 + Level 12.2 Conjurations
 + Level 14.5 Fire Magic
 + Level 10.6 Evocations


You had 25 spell levels left.
You knew the following spells:

 Your Spells              Type           Power        Failure   Level  Hunger
a - Flame Tongue          Conj/Fire      #####        0%          1    None
b - Throw Flame           Conj/Fire      ######       0%          2    None
c - Magic Dart            Conj           ####         0%          1    None
d - Sticky Flame          Conj/Fire      #######.     1%          4    None
e - Fireball              Conj/Fire      #######...   1%          5    None
f - Mephitic Cloud        Conj/Pois/Air  #####...     1%          3    None
g - Swiftness             Chrm/Air       ###.....     3%          2    None
h - Blink                 Tloc           N/A          3%          2    None
i - Throw Icicle          Conj/Ice       ######..     1%          4    None

Your spell library contained the following spells:

 Spells                   Type           Power        Failure   Level  Hunger
 Poison Arrow             Conj/Pois      ######....   7%          6    ###....
 Searing Ray              Conj           ######       0%          2    None
 Animate Skeleton         Necr           N/A          1%          1    None
 Freeze                   Ice            ###.         1%          1    None
 Pain                     Necr           ###.         1%          1    None
 Shock                    Conj/Air       ####         1%          1    None
 Throw Frost              Conj/Ice       ######       1%          2    None
 Conjure Flame            Conj/Fire      #######.     1%          3    None
 Dazzling Spray           Conj/Hex       ######       1%          3    None
 Inner Flame              Hex/Fire       #######.     1%          3    None
 Static Discharge         Conj/Air       ######..     1%          3    None
 Force Lance              Conj/Tloc      ######..     1%          4    None
 Fulminant Prism          Conj/Hex       ######....   1%          4    None
 Iskenderun's Mystic Bla  Conj           ######..     1%          4    None
 Lightning Bolt           Conj/Air       ######....   1%          5    None
 Shroud of Golubria       Chrm/Tloc      ###.......   3%          2    None
 Airstrike                Air            ###.......   5%          4    None
 Gell's Gravitas          Tloc           ###.......   6%          3    None
 Lesser Beckoning         Tloc           ###.......   6%          3    None
 Ozocubu's Armour         Chrm/Ice       ###.....     6%          3    None
 Portal Projectile        Hex/Tloc       ###...       6%          3    None
 Regeneration             Chrm/Necr      ###.......   6%          3    None
 Teleport Other           Tloc           ###.....     6%          3    None
 Vampiric Draining        Necr           ###.......   6%          3    None
 Bolt of Cold             Conj/Ice       ######....   7%          6    ###....
 Animate Dead             Necr           N/A          19%         4    None
 Passage of Golubria      Tloc           N/A          19%         4    None
 Summon Ice Beast         Ice/Summ       ###.....     19%         4    None
 Death Channel            Necr           ###.......   96%         6    ###....
 Deflect Missiles         Chrm/Air       ###.......   96%         6    ###....
 Dispersal                Tloc           ###.......   96%         6    ###....
 Hydra Form               Tmut           ###.......   96%         6    ###....
 Invisibility             Hex            ###.....     96%         6    ###....
 Shadow Creatures         Summ           N/A          96%         6    ###....
 Controlled Blink         Tloc           N/A          100%        8    ######.
 Disjunction              Tloc           ###.......   100%        8    ######.


Dungeon Overview and Level Annotations

Branches:
Dungeon (13/15)              Lair (6/6) D:10         Shoals (1/4) Lair:4
  Snake (0/4) Lair:2        Slime (0/5) Lair:5          Orc (2/2) D:9
    Elf (0/3) Orc:2        Vaults (0/5) D:13
 Temple: D:4-7

Altars:
Ashenzari
Cheibriados
Fedhas
Hepliaklqana
Makhleb
Nemelex Xobeh
Okawaru
Qazlal
Ru
Trog
Vehumet
Xom
Yredelemnul
The Shining One
Beogh

Shops:
D:5 *   D:9 :

Annotations:
D:2 Natasha
D:8 3 runed doors, SeriousVitamin's ghost, novice DEAE
D:9 2 transporters, exclusion: downstairs, trianova's ghost, novice VSEn
Lair:2 exclusion: 2 downstairs


Message History

Casting: Fireball (safe; 1% risk of failure)
Confirm with . or Enter, or press ? or * to list all spells.
Okay, then.
Okay, then.
Blink to where?
Press: ? - help, Dir - move target cursor You are very lightly contaminated with residual magic.
As you read the scroll of blinking, it crumbles to dust.
You feel sick.
Found a smoky amethyst potion.
Casting: Fireball (safe; 1% risk of failure)
Confirm with . or Enter, or press ? or * to list all spells.
You feel quick.
You enter the shallow water.
Moving in this stuff is going to be slow.
You feel sick.
You feel sick.
The merfolk javelineer throws a poisoned javelin.
The poisoned javelin hits you!!
You die...

.≈≈≈≈≈≈≈.#.≈≈≈≈≈≈≈≈≈≈≈≈(≈≈
≈≈≈≈≈≈≈≈≈≈≈≈≈≈≈≈≈≈≈≈≈c≈≈≈≈
≈≈≈≈≈..≈≈≈..≈≈≈≈≈≈≈≈≈≈≈≈≈≈
≈≈≈≈≈≈..≈≈..≈m.≈≈((.≈≈≈≈##
≈≈#.≈≈..≈≈...#((....)§≈##
≈...≈≈≈≈....###......m.#
≈≈≈≈≈≈≈≈.##.# #.....m..'m≈
≈≈.≈≈≈≈≈≈.(###.......m.#≈≈
≈≈≈≈≈≈≈≈≈@.# #.......≈≈##≈
≈≈≈≈≈≈≈≈≈.## #.......≈≈≈##
≈≈≈≈≈≈≈≈..####........≈≈≈
≈≈≈≈≈≈≈≈...##...........
≈≈≈≈≈≈≈≈................
≈≈≈≈≈≈≈...≈≈≈..≈≈≈≈.....[
≈≈≈≈≈≈≈≈≈≈≈≈.≈.≈≈≈≈....
≈≈≈.≈≈≈≈≈≈≈≈≈..≈≈≈....
.≈≈.≈≈≈.≈≈≈...........


You could see a merfolk javelineer.

Vanquished Creatures
  Frances (D:12)
  Azrael (D:12)
  An ettin (Orc:1)
  A crystal guardian (D:13)
  A merfolk impaler (Shoals:1)
  Erolcha (D:11)
  An ogre mage (D:13)
  10 hydras
  A merfolk avatar (Lair:6)
  A death knight (D:13)
  7 two-headed ogres
  A tengu warrior (D:13)
  An orc high priest (Orc:1)
  5 skeletal warriors
  A sea snake (Lair:6)
  A wizard (D:10)
  4 lindwurms (Lair:4)
  Pikel (D:7)
  A harpy (Lair:6)
  3 orc knights
  2 wolf spider zombies
  The ghost of Merlin the Poker, a novice DgSk (D:7)
  2 orc sorcerers (Orc:1)
  5 ugly things
  2 deep elf magi (D:13)
  3 fauns (Shoals:1)
  2 cyclopes
  A manticore (D:13)
  An elephant (Lair:5)
  3 oklob plants
  6 black mambas
  A water nymph (Shoals:1)
  A gargoyle (D:13)
  Maurice (D:8)
  2 merfolk sirens
  16 spiny frogs
  3 centaur skeletons
  13 komodo dragons
  A freezing wraith (D:13)
  A tengu conjurer (D:13)
  A rime drake (Lair:6)
  A rime drake (shapeshifter) (D:13)
  3 meliai (D:13)
  5 polar bears
  3 trolls
  7 merfolk
  A queen bee (D:13)
  3 wind drakes
  2 hornets
  Prince Ribbit (D:8)
  6 dream sheep (Lair:4)
  17 blink frogs
  A snapping turtle (Shoals:1)
  2 hippogriffs
  2 wraiths (D:13)
  A shadow (D:13)
  30 yaks
  A spriggan (Lair:3)
  6 wyverns
  7 fire elementals
  4 basilisks
  A golden eye (shapeshifter) (D:13)
  A hungry ghost (D:9)
  A swamp worm (shapeshifter) (D:13)
  3 vampire mosquitoes (D:13)
  A naga (Lair:2)
  A hell hound (D:11)
  A porcupine (D:10)
  11 water moccasins
  4 sky beasts
  3 black bears
  25 orc warriors
  3 phantoms
  A necrophage (D:12)
  6 ice beasts
  4 slaves (D:7)
  12 wolves
  6 ogres
  6 centaurs
  18 crocodiles
  2 big kobolds
  16 bullfrogs
  2 wyvern zombies (D:13)
  5 scorpions
  41 killer bees
  4 howler monkeys
  3 wights (D:8)
  An electric eel (Lair:1)
  2 bullfrog zombies
  2 centaur zombies
  3 quasits
  6 crimson imps
  5 hounds
  13 orc priests
  A bullfrog skeleton (D:12)
  4 jellies
  23 orc wizards
  A gnoll shaman (D:8)
  2 iguanas
  10 worker ants
  3 hell rats (Lair:5)
  A killer bee zombie (D:7)
  A hound skeleton (D:10)
  8 mummies (Ossuary)
  A howler monkey zombie (D:6)
  12 gnolls
  9 adders
  5 river rats (Lair:5)
  A shadow imp (D:7)
  2 oozes
  An adder skeleton (D:6)
  2 adder zombies
  3 worms
  A dart slug (D:2)
  8 leopard geckos
  68 orcs
  A ball python (D:3)
  3 giant cockroaches
  10 goblins
  6 hobgoblins
  17 jackals
  4 quokkas
  8 bats
  2 frilled lizards
  A gnoll zombie (Ossuary)
  3 hobgoblin zombies (Ossuary)
  14 kobolds
  3 kobold zombies (Ossuary)
  3 leopard gecko skeletons
  An orc zombie (Ossuary)
  A quokka skeleton (D:4)
  17 rats
689 creatures vanquished.

Vanquished Creatures (others)
  2 jackals (D:7)
  11 fungi
  13 plants
26 creatures vanquished.

Grand Total: 715 creatures vanquished

Notes
Turn   | Place    | Note
-------+----------+-------------------------------------------
     0 | D:1      | delarado the Deep Elf Fire Elementalist began the quest for
                  | the Orb.
     0 | D:1      | Reached XP level 1. HP: 10/10 MP: 6/6
   208 | D:1      | Reached XP level 2. HP: 15/15 MP: 6/8
   212 | D:1      | Learned a level 2 spell: Throw Flame
  1264 | D:2      | Reached XP level 3. HP: 19/19 MP: 2/9
  1787 | D:2      | Reached XP level 4. HP: 24/24 MP: 5/10
  1859 | D:2      | Found a shattered altar of Ashenzari.
  1861 | D:2      | Found a radiant altar of Vehumet.
  1912 | D:2      | Became a worshipper of Vehumet
  2295 | D:2      | Noticed Natasha
  2632 | D:3      | Reached skill level 1 in Shields
  3507 | D:3      | Reached XP level 5. HP: 10/28 MP: 6/11
  3513 | D:3      | Reached * piety under Vehumet
  3513 | D:3      | Offered knowledge of Magic Dart by Vehumet.
  3709 | D:3      | Learned a level 1 spell: Magic Dart
  3725 | D:3      | Found a hazy altar of Hepliaklqana.
  3725 | D:3      | Found a burning altar of Makhleb.
  3761 | D:3      | Reached skill level 5 in Fire Magic
  3998 | D:3      | Found a faded altar of an unknown god.
  4288 | D:4      | Learned a level 4 spell: Sticky Flame
  4291 | D:4      | Noticed a centaur
  4380 | D:4      | Killed a centaur
  4380 | D:4      | Reached XP level 6. HP: 28/32 MP: 3/12
  4822 | D:4      | Reached XP level 7. HP: 36/36 MP: 5/13
  5002 | D:4      | Reached skill level 5 in Conjurations
  5229 | D:4      | Found a basalt altar of Yredelemnul.
  5302 | D:4      | Found an iron altar of Okawaru.
  5304 | D:4      | Found a sacrificial altar of Ru.
  5305 | D:4      | Found a snail-covered altar of Cheibriados.
  5607 | D:5      | Entered Level 5 of the Dungeon
  5664 | D:5      | Found Mujo's General Store.
  5915 | D:5      | Bought a scroll of amnesia for 35 gold pieces
  5915 | D:5      | Bought a cursed ring of attention for 45 gold pieces
  5915 | D:5      | Bought a scroll of immolation for 35 gold pieces
  5915 | D:5      | Bought a potion of curing for 30 gold pieces
  6286 | D:5      | Noticed a moth of wrath
  6289 | D:5      | Found a bloodstained altar of Trog.
  6296 | D:5      | Offered knowledge of Searing Ray by Vehumet.
  6305 | D:5      | Reached ** piety under Vehumet
  6399 | D:5      | Reached XP level 8. HP: 41/41 MP: 7/14
  6870 | D:5      | Found a sparkling altar of Nemelex Xobeh.
  6918 | D:5      | Noticed a two-headed ogre
  6932 | D:5      | Killed a two-headed ogre
  7358 | D:6      | Reached XP level 9. HP: 45/45 MP: 10/16
  7671 | D:6      | Found a stormy altar of Qazlal.
  7709 | D:6      | Reached skill level 4 in Spellcasting
  7867 | D:6      | Offered knowledge of Mephitic Cloud by Vehumet.
  7892 | D:6      | Learned a level 5 spell: Fireball
  7896 | D:6      | Learned a level 3 spell: Mephitic Cloud
  8199 | D:6      | Found a snail-covered altar of Cheibriados.
  8586 | D:7      | Reached skill level 5 in Spellcasting
  8921 | D:7      | Reached *** piety under Vehumet
  9102 | D:7      | Found a blossoming altar of Fedhas.
  9195 | D:7      | Noticed Pikel
  9200 | D:7      | Killed Pikel
  9200 | D:7      | Reached skill level 6 in Spellcasting
  9200 | D:7      | Reached skill level 10 in Fire Magic
  9575 | D:7      | Found a shimmering altar of Xom.
  9711 | D:7      | Found a runed gate.
  9712 | D:7      | Found a runed gate.
  9712 | D:7      | Found a runed gate.
  9714 | D:7      | Noticed Merlin's ghost (novice DgSk)
  9926 | D:8      | Offered knowledge of Olgreb's Toxic Radiance by Vehumet.
  9937 | D:8      | Noticed Maurice
 10087 | D:8      | Paralysed by Maurice for 6 turns
 10093 | D:8      | Killed Maurice
 10093 | D:8      | Reached skill level 7 in Spellcasting
 10093 | D:8      | Reached XP level 10. HP: 32/50 MP: 9/22
 10314 | D:8      | Found a sand-covered staircase.
 10385 | Ossuary  | Entered an ossuary
 10425 | Ossuary  | Reached **** piety under Vehumet
 10716 | D:8      | Got a shimmering whip
 10717 | D:8      | Identified the cursed +1 whip of Vafit {drain, MR+ Dex+4
                  | SInv} (You found it on level 8 of the Dungeon)
 11002 | D:8      | Noticed Prince Ribbit
 11005 | D:8      | Killed Prince Ribbit
 11005 | D:8      | Reached skill level 10 in Conjurations
 11161 | D:8      | Found a runed gate.
 11161 | D:8      | Found a runed gate.
 11161 | D:8      | Found a runed gate.
 11161 | D:8      | Noticed SeriousVitamin's ghost (novice DEAE)
 11329 | D:9      | Offered knowledge of Lee's Rapid Deconstruction by Vehumet.
 11388 | D:9      | Found a transporter.
 11455 | D:9      | Found Letunu's Book Shop.
 11467 | D:9      | Reached skill level 8 in Spellcasting
 11488 | D:9      | Found a flagged portal.
 11530 | Bailey   | Entered a bailey
 11829 | Bailey   | Noticed an orc knight
 11835 | Bailey   | Killed an orc knight
 12041 | Bailey   | Noticed an orc knight
 12151 | Bailey   | Killed an orc knight
 12151 | Bailey   | Reached skill level 9 in Spellcasting
 12409 | Bailey   | Got a dazzling cloak
 12420 | Bailey   | Identified the +1 cloak of a bazaar {rC++} (You found it in
                  | a bailey)
 12674 | D:9      | Found a glowing golden altar of the Shining One.
 12784 | D:9      | Found a transporter.
 12784 | D:9      | Noticed trianova's ghost (novice VSEn)
 12889 | D:9      | Found a staircase to the Orcish Mines.
 13490 | D:10     | Entered Level 10 of the Dungeon
 13566 | D:10     | Found a sacrificial altar of Ru.
 13580 | D:10     | Reached ***** piety under Vehumet
 13580 | D:10     | Offered knowledge of Force Lance by Vehumet.
 13676 | D:10     | Reached XP level 11. HP: 54/54 MP: 10/26
 13829 | D:10     | Found a sparkling altar of Nemelex Xobeh.
 14293 | D:10     | Reached skill level 10 in Spellcasting
 14710 | D:10     | Noticed a wizard
 14712 | D:10     | Killed a wizard
 14775 | D:10     | Found a staircase to the Lair.
 14893 | D:11     | Noticed Erolcha
 14897 | D:11     | Killed Erolcha
 14897 | D:11     | Reached skill level 5 in Stealth
 14897 | D:11     | Reached skill level 5 in Dodging
 15047 | D:11     | Noticed a two-headed ogre
 15056 | D:11     | Killed a two-headed ogre
 16040 | Lair:1   | Entered Level 1 of the Lair of Beasts
 16333 | Lair:1   | Reached skill level 1 in Fighting
 16355 | Lair:1   | Reached skill level 11 in Spellcasting
 17050 | Lair:1   | Noticed a five-headed hydra
 17055 | Lair:1   | Killed a five-headed hydra
 17327 | Lair:2   | Reached XP level 12. HP: 57/64 MP: 12/29
 17742 | Lair:2   | Got a colourful robe
 17800 | Lair:2   | Identified the +2 robe of the Teacher {rElec Str-4 Dex+3}
                  | (You found it on level 2 of the Lair of Beasts)
 18044 | Lair:2   | Found a staircase to the Snake Pit.
 18706 | Lair:3   | Noticed a four-headed hydra
 18843 | Lair:3   | Noticed a four-headed hydra
 18855 | Lair:3   | Killed a four-headed hydra
 18919 | Lair:2   | Reached skill level 12 in Spellcasting
 19298 | Lair:3   | Killed a four-headed hydra
 19542 | Lair:3   | Noticed a four-headed hydra
 19553 | Lair:3   | Killed a four-headed hydra
 20642 | Lair:4   | Reached skill level 5 in Fighting
 20647 | Lair:4   | Reached skill level 13 in Spellcasting
 21688 | Lair:4   | Found a staircase to the Shoals.
 22196 | Lair:4   | Reached XP level 13. HP: 72/72 MP: 26/32
 22364 | Lair:4   | Reached skill level 14 in Spellcasting
 23202 | Lair:5   | Reached skill level 10 in Dodging
 23202 | Lair:5   | Reached skill level 1 in Evocations
 24663 | Lair:5   | Found a staircase to the Slime Pits.
 24666 | Lair:5   | Offered knowledge of Iskenderun's Mystic Blast by Vehumet.
 24904 | D:12     | Noticed Frances
 24913 | D:12     | Killed Frances
 25450 | D:12     | Noticed Azrael
 25550 | Orc:1    | Entered Level 1 of the Orcish Mines
 25639 | Orc:1    | Noticed an ettin
 25660 | Orc:1    | Killed an ettin
 25885 | Orc:1    | Reached skill level 15 in Spellcasting
 26445 | Orc:1    | Reached skill level 5 in Evocations
 27395 | Orc:1    | You fall through a shaft!
 27395 | Orc:2    | Entered Level 2 of the Orcish Mines
 27395 | Orc:2    | Found a roughly hewn altar of Beogh.
 27395 | Orc:2    | Noticed an orc warlord
 27978 | Lair:6   | Entered Level 6 of the Lair of Beasts
 28553 | Lair:6   | Offered knowledge of Lightning Bolt by Vehumet.
 28553 | Lair:6   | Reached XP level 14. HP: 78/78 MP: 18/35
 29027 | Lair:6   | Reached skill level 16 in Spellcasting
 29944 | Lair:6   | Learned a level 2 spell: Swiftness
 29947 | Lair:6   | Learned a level 2 spell: Blink
 30907 | D:3      | Found a faded altar of an unknown god.
 31099 | D:3      | Found a burning altar of Makhleb.
 31099 | D:3      | Found a hazy altar of Hepliaklqana.
 31530 | D:3      | Found a hazy altar of Hepliaklqana.
 31530 | D:3      | Found a burning altar of Makhleb.
 31896 | D:7      | Killed Merlin's ghost
 31952 | D:7      | Learned a level 4 spell: Throw Icicle
 32747 | D:12     | Killed Azrael
 33829 | D:13     | Reached skill level 17 in Spellcasting
 34542 | D:13     | Offered knowledge of Poison Arrow by Vehumet.
 35068 | D:13     | Reached XP level 15. HP: 68/82 MP: 21/38
 35113 | D:13     | Reached skill level 10 in Evocations
 35888 | D:13     | Found a gate to the Vaults.
 35940 | D:13     | Noticed a shadow dragon
 35942 | D:13     | Noticed a caustic shrike
 35942 | D:13     | a shadow dragon changed into a caustic shrike
 36236 | Shoals:1 | Entered Level 1 of the Shoals
 36319 | Shoals:1 | Identified a scroll of acquirement
 36326 | Shoals:1 | Identified Advanced Spellweaving (You acquired it on level
                  | 1 of the Shoals)
 36766 | Shoals:1 | Hit by a poisoned javelin thrown by a merfolk javelineer

Skill      XL: |  1  2  3  4  5  6  7  8  9 10 11 12 13 14 15 |
---------------+----------------------------------------------+-----
Conjurations   | 2 3 4 6 8 9 10 12 | 12.2
Fire Magic     | 4 5 6 8 10 11 12 14 | 14.5
Shields        | 1 2 4 |  4.0
Spellcasting   | 7 9 11 13 15 17 | 17.7
Stealth        | 3 5 9 |  9.0
Dodging        | 3 5 9 10 | 10.0
Fighting       | 2 5 |  5.0
Evocations     | 6 9 10 | 10.6

Action                   |  1- 3 |  4- 6 |  7- 9 | 10-12 | 13-15 || total
-------------------------+-------+-------+-------+-------+-------++-------
Melee: Whip              |       |       |       |    59 |   280 ||   339
 Fire: Hunting sling     |     4 |    15 |    50 |    13 |       ||    82
 Cast: Flame Tongue      |    17 |    33 |    55 |    12 |       ||   117
       Throw Flame       |    28 |    75 |    92 |   365 |   562 ||  1122
       Magic Dart        |       |     1 |    23 |    34 |     8 ||    66
       Sticky Flame      |       |       |    25 |    62 |   188 ||   275
       Fireball          |       |       |    11 |    71 |    89 ||   171
       Mephitic Cloud    |       |       |     2 |     5 |     1 ||     8
       Throw Icicle      |       |       |       |       |    52 ||    52
       Blink             |       |       |       |       |     4 ||     4
       Swiftness         |       |       |       |       |     3 ||     3
Evoke: Wand              |       |       |       |     1 |     6 ||     7
       Staff of energy   |       |       |       |       |     5 ||     5
       Crystal ball of e |       |       |       |       |     4 ||     4
  Use: Scroll            |     3 |     1 |     8 |    10 |    22 ||    44
       Potion            |       |       |       |     2 |    10 ||    12
 Stab: Distracted        |       |       |       |       |     1 ||     1
  Eat: Ration            |     1 |     2 |     4 |    11 |    10 ||    28
       Chunk             |       |     5 |    13 |    12 |     9 ||    39
Armor: Robe              |     2 |     9 |     6 |    20 |    63 ||   100
Dodge: Dodged            |     4 |    45 |    38 |   126 |   476 ||   689
Block: Buckler           |     1 |    21 |    22 |    73 |   247 ||   364
